 Dungeon Crawl Stone Soup version 0.30-a0-1124-g6e8f0f562f (webtiles) character file.

Game seed: 6730890996553809382

11937 nakedcarnage the Cleaver (level 11, -5/120 HPs)
             Began as an Octopode Chaos Knight on Apr 23, 2023.
             Was a Plaything of Xom.
             Killed from afar by Urug the death drake (glowing shapeshifter) (7 damage)
             ... with a foul vapour
             ... on level 12 of the Dungeon.
             The game lasted 00:18:37 (11763 turns).

nakedcarnage the Cleaver (Octopode Chaos Knight)   Turns: 11763, Time: 00:18:37

Health: -5/120     AC: 25    Str: 19    XL:     11   Next: 85%
Magic:  5/11       EV:  2    Int: 22    God:    Xom [...*..]
Gold:   622        SH: 11    Dex: 17    Spells: 8/10 levels left

rFire   + . .        v - +7 spear "Foratoy" {heavy, *Rage Str+2 Int+3}
rCold   x . .        x - +0 kite shield
rNeg    . . .        p - melded +2 hat {Int+3}
rPois   +            S - amulet of regeneration
rElec   .            r - +6 ring of intelligence
rCorr   .            b - ring of Hard Scrabble {Fire Str+5 Int-2}
SInv    .            (no ring)
Will    .....        (no ring)
Stlth   ++           (no ring)
HPRegen 1.20/turn    (no ring)
MPRegen 0.12/turn    (no ring)
                     (no ring)

%: random rage (20%)
@: lethally poisoned (-5 -> -40), tree-form, on berserk cooldown, slowed, very
slow
A: stationary, stasis, torment immunity, boosted hp, almost no armour,
(amphibious), 8 rings, (camouflage 1), (gelatinous body 1), (nimble swimmer 1),
(tentacles), (iridescent scales 1), agile 1, sense surroundings 1, inability to
read after injury 1, MP-powered wands
a: Renounce Religion


You were on level 12 of the Dungeon.
You worshipped Xom.
You were a favourite toy of Xom.
You were a tree.
You visited 1 branch of the dungeon, and saw 12 of its levels.
You also visited: Sewer and Bailey.

You collected 808 gold pieces.
You spent 186 gold pieces at shops.

Inventory:

Hand Weapons
 f - the +10 shortbow "Oschifoaf" {flame, rElec rC+ Dex+3 SInv}
   (You found it on level 7 of the Dungeon)

   Dex:       It affects your dexterity (+3).
   rC:        It protects you from cold.
   rElec:     It insulates you from electricity.
   SInv:      It lets you see invisible.
 v - the +7 spear "Foratoy" (weapon) {heavy, *Rage Str+2 Int+3}
   (Xom gifted it to you on level 5 of the Dungeon)

   Str:       It affects your strength (+2).
   Int:       It affects your intelligence (+3).
   *Rage:     It berserks you when you make melee attacks (+20% chance).
 Q - a +8 broad axe of draining
Armour
 p - a +2 hat of intelligence (melded)
 x - a +0 kite shield (worn)
Jewellery
 b - the ring of Hard Scrabble (right branch) {Fire Str+5 Int-2}
   (You found it on level 11 of the Dungeon)

   [ring of fire]

   It enhances your fire magic.
   Str:       It affects your strength (+5).
   Int:       It affects your intelligence (-2).
   rF:        It protects you from fire.
   rC:        It makes you vulnerable to cold.
 j - a ring of fire
 r - a +6 ring of intelligence (left branch)
 S - an amulet of regeneration (around neck)
 U - an amulet of the acrobat
Wands
 a - a wand of quicksilver (4)
 o - a wand of flame (52)
 u - a wand of iceblast (5) {@v2}
 E - a wand of charming (3)
Scrolls
 c - 7 scrolls of teleportation {@r3}
 l - 3 scrolls of poison
 t - a scroll of amnesia
 y - a scroll of vulnerability
 G - a scroll of silence
 N - a scroll of blinking {@r4}
 P - a scroll of fog {unknown}
 T - a scroll of immolation
 W - a scroll of summoning
Potions
 g - 3 potions of haste {@q4}
 i - 5 potions of heal wounds {@q2}
 k - a potion of cancellation
 m - 2 potions of lignification
 z - 3 potions of ambrosia
 A - 2 potions of resistance {@q5}
 D - 4 potions of invisibility
 H - 3 potions of might {@q3}
 J - a potion of flight {unknown}
 K - a potion of mutation
 M - a potion of experience {unknown}
 V - 3 potions of curing {unknown}


   Skills:
 - Level 9.1 Fighting
 * Level 10.4(11.8) Axes
 - Level 8.9(11.0) Polearms
 - Level 5.3 Dodging
 + Level 8.0 Shields
 - Level 3.2 Evocations


You had 8 spell levels left.
You knew the following spells:

 Your Spells              Type           Power      Damage    Failure   Level
a - Passwall              Tmut/Erth      0%         N/A       47%         2

Your spell library contained the following spells:

 Spells                   Type           Power      Damage    Failure   Level
 Kiss of Death            Conj/Necr      0%         2d5       34%         1
 Magic Dart               Conj           0%         1d3       34%         1
 Sandblast                Erth           0%         2d4       34%         1
 Searing Ray              Conj           0%         2d4       47%         2
 Confusing Touch          Hex            0%         N/A       71%         3
 Stone Arrow              Conj/Erth      0%         3d7       71%         3
 Dispel Undead            Necr           0%         3d6       98%         4
 Fulminant Prism          Conj/Hex       0%         3d5       98%         4
 Summon Ice Beast         Ice/Summ       0%         N/A       98%         4
 Summon Mana Viper        Hex/Summ       0%         N/A       100%        5
 Monstrous Menagerie      Summ           0%         N/A       100%        7


Dungeon Overview and Level Annotations

Branches:
Dungeon (12/15)            Temple (0/1) D:7            Lair (0/5) D:8
    Orc (0/2) D:11          Sewer (visited)          Bailey (visited)

Altars:
Cheibriados
Dithmenos
Elyvilon
Gozag
Kikubaaqudgha
Nemelex Xobeh
Qazlal
Ru
Wu Jian
Xom
Zin
The Shining One

Shops:
D:6 *

Annotations:
D:9 1 runed translucent door
D:10 3 runed translucent doors, Mandevil's ghost, journeyman TrEE
D:12 Urug


Innate Abilities, Weirdness & Mutations

You are a tree.
Your roots penetrate the ground, keeping you stationary.
You cannot be teleported.
You are immune to unholy pain and torment.
Your maximum health is greatly increased.
You cannot wear most types of armour.
((You are amphibious.))
You can wear up to eight rings at the same time.
((Your skin changes colour to match your surroundings (Stealth+).))
((Your rubbery body absorbs attacks. (AC +1, EV +1)))
((You are camouflaged when in or above water. (Stealth+)))
((You have tentacles for arms and can constrict up to eight enemies at once.))
((You are partially covered in iridescent scales. (AC +2)))
You are agile. (Dex +4, Str/Int -1)
You passively map a small area around you.
You occasionally lose the ability to read scrolls when taking damage.
You expend magic power (3 MP) to strengthen your wands.


Message History

The now-empty wand crumbles to dust.
You are engulfed in dark miasma.
You are more poisoned.
You feel yourself slow down.
You feel extremely sick. Urug bites you!
Really quaff the potion of lignification?
Really become a tree while standing in a cloud of foul pestilence? [Y]es or [N]o only, please.
Really become a tree while standing in a cloud of foul pestilence?
Okay, then.
Really quaff the potion of lignification?
Really become a tree while standing in a cloud of foul pestilence?
You turn into a tree.
Your +2 hat of intelligence melds into your body.
You feel stupid.
Your roots penetrate the ground.
You are engulfed in dark miasma.
You are more poisoned.
* * * LOW HITPOINT WARNING * * *
You feel extremely sick. Urug bites you but does no damage. x2
Okay, then.
You feel much better.
You are engulfed in dark miasma.
You are more poisoned.
You feel extremely sick. Urug bites you!
* * * LOW HITPOINT WARNING * * *
Urug bites you but does no damage.
Aiming: Quicksilver Bolt
Aim: Urug the death drake shaped shifter (moderately wounded, 60% to hit)
You feel a surge of power!
The bolt of dispelling energy misses Urug.
You are engulfed in dark miasma.
You are more poisoned.
* * * LOW HITPOINT WARNING * * *
x2 You feel extremely sick.
Xom momentarily opens a gate.
Urug breathes miasma at you. The foul vapour engulfs you!
You die...
Xom chuckles heartily!

* ∆ , , #....# , *
### *#....### ,
.(.*#...... , , , ,
#.##.....#### , , ∆ ,
, ............. ** ,
#..55...# , , , , ,*
,#.k.....# ∆ * , ,
+..♣55.### , *
,,#.5..5...### . , ,
####55.......* , ,
###'###..#.# .~≈
#....##..#.##~≈≈≈~~ ,
+....##..~≈≈≈≈≈≈≈~≈ ,
#....##.~~≈≈≈≈~≈#.~
,,
####..(.~~≈≈≈≈≈~.#.#
,
........≈≈~#~≈~≈..#.#


You could see Urug the death drake shaped shifter (catching breath, ally
target), 2 friendly iron imps, a friendly quasit (summoned), 2 friendly white
imps, 2 friendly shadow imps and a friendly ufetubus (summoned).

Vanquished Creatures
  A two-headed ogre (D:9)
  2 boulder beetles (D:11)
  An ugly thing (D:12)
  2 cyclopes
  A manticore (D:11)
  Joseph (D:7)
  An unseen horror (D:12)
  A kobold demonologist (D:11)
  A komodo dragon (D:11)
  A queen bee (shapeshifter) (Sewer)
  3 trolls
  A water elemental (D:12)
  A vampire (D:11)
  2 wraiths
  4 yaks (D:10)
  A hog (D:8)
  2 wargs (D:8)
  3 acid dragons
  6 water moccasins
  Duvessa (D:4)
  An ice beast (D:8)
  A black bear (D:6)
  6 orc warriors
  2 sky beasts
  An ogre (D:6)
  3 kobold brigands
  4 centaurs
  A bullfrog (D:9)
  A scorpion (D:5)
  8 wights
  Dowan (D:4)
  11 killer bees (D:10)
  2 howler monkeys (D:7)
  7 hounds
  9 orc priests
  A gnoll bouda (D:5)
  A jelly (D:4)
  A sleepcap (D:5)
  Natasha (thrice) (D:2)
  4 iguanas
  9 orc wizards
  7 gnolls
  5 river rats (Sewer)
  14 adders
  3 shadow imps
  A white imp (D:5)
  A worm (D:4)
  A dart slug (D:2)
  36 orcs
  6 endoplasms
  5 giant cockroaches
  8 goblins
  8 hobgoblins
  4 quokkas
  2 training dummies (D:4)
  8 ball pythons
  4 bats
  3 frilled lizards
  30 kobolds
  28 rats
287 creatures vanquished.

Vanquished Creatures (collateral kills)
  A bullfrog (D:6)
  5 gnolls
6 creatures vanquished.

Vanquished Creatures (others)
  A plant (D:8)
1 creature vanquished.

Grand Total: 294 creatures vanquished

Notes
Turn   | Place    | Note
-------+----------+-------------------------------------------
     0 | D:1      | nakedcarnage the Octopode Chaos Knight began the quest for
                  | the Orb.
     0 | D:1      | Reached XP level 1. HP: 16/16 MP: 1/1
   206 | D:1      | Reached XP level 2. HP: 18/21 MP: 2/2
   753 | D:2      | Reached XP level 3. HP: 23/27 MP: 3/3
  1060 | D:2      | Noticed Natasha
  1064 | D:2      | XOM: noise
  1067 | D:2      | Killed Natasha
  1068 | D:2      | Reached XP level 4. HP: 23/33 MP: 4/4
  1369 | D:2      | Noticed Natasha
  1378 | D:2      | Killed Natasha
  1405 | D:2      | XOM: divination: magic mapping
  1484 | D:2      | XOM: silly message
  1510 | D:2      | Noticed Natasha
  1517 | D:2      | Killed Natasha
  1518 | D:2      | Reached skill level 5 in Fighting
  1518 | D:2      | Reached XP level 5. HP: 26/39 MP: 5/5
  1825 | D:2      | XOM: 2-stop teleportation journey
  2165 | D:3      | XOM: summons 5 friendly demons
  2293 | D:3      | XOM is BORED!
  2293 | D:3      | XOM: chaos upgrade
  2293 | D:3      | XOM: smoke on damage
  2310 | D:3      | XOM: stat loss: -1 Str (11/12)
  2320 | D:3      | XOM: noise
  2425 | D:3      | Found a shimmering altar of Xom.
  2436 | D:3      | XOM: 4-stop teleportation journey
  2608 | D:4      | XOM: cast spell 'Summon Ice Beast'
  2613 | D:4      | Reached XP level 6. HP: 45/45 MP: 6/6
  2636 | D:5      | Entered Level 5 of the Dungeon
  2689 | D:5      | XOM: noise
  2755 | D:4      | XOM: 7-stop teleportation journey
  3104 | D:4      | Reached skill level 1 in Evocations
  3292 | D:4      | Noticed Duvessa
  3292 | D:4      | Noticed Dowan
  3295 | D:4      | Killed Dowan
  3296 | D:4      | Reached XP level 7. HP: 53/53 MP: 7/7
  3300 | D:4      | XOM: confusion
  3317 | D:4      | Killed Duvessa
  3706 | D:4      | Found a shadowy altar of Dithmenos.
  4012 | D:5      | XOM: blink monster(s)
  4109 | D:5      | XOM: smoke on damage
  4114 | D:5      | Reached skill level 5 in Dodging
  4198 | D:5      | Noticed a torpor snail
  4203 | D:5      | Found a snail-covered altar of Cheibriados.
  4203 | D:5      | Noticed a torpor snail
  4203 | D:5      | Noticed a torpor snail
  4282 | D:5      | XOM: blink monster(s)
  4467 | D:5      | XOM: cleaving
  4480 | D:5      | Reached XP level 8. HP: 18/60 MP: 8/8
  4880 | D:5      | XOM: god gift: ichor-stained spear {god gift}
  4880 | D:5      | Identified the +7 spear "Foratoy" {heavy, *Rage Str+2
                  | Int+3} (Xom gifted it to you on level 5 of the Dungeon)
  4906 | D:5      | XOM: scenery: 1 doors close
  4944 | D:6      | Found a stormy altar of Qazlal.
  4946 | D:6      | Noticed a water elemental
  4946 | D:6      | Noticed an air elemental
  4959 | D:6      | Found an ancient bone altar of Kikubaaqudgha.
  4969 | D:6      | XOM: summons friendly ufetubus
  5007 | D:6      | XOM: summons 8 friendly demons
  5008 | D:6      | Reached skill level 5 in Polearms
  5011 | D:6      | Found a white marble altar of Elyvilon.
  5011 | D:6      | XOM: 4-stop teleportation journey
  5058 | D:6      | XOM: give mutation
  5058 | D:6      | Gained mutation: You are covered in fur. (AC +1) [Xom's
                  | grace]
  5089 | D:6      | Found Athruqaq's General Store.
  5092 | D:6      | Found a glowing drain.
  5107 | Sewer    | Entered a sewer
  5317 | Sewer    | XOM: smoke on damage
  5332 | Sewer    | XOM: stat loss: -1 Dex (12/13)
  5405 | Sewer    | Reached XP level 9. HP: 29/67 MP: 9/9
  5478 | Sewer    | XOM: 5-stop teleportation journey
  5635 | Sewer    | XOM: chaos cloud
  5636 | Sewer    | XOM: polymorph kobold -> shapeshifter
  5636 | Sewer    | a golden eye changed into a queen bee
  5636 | Sewer    | Noticed a queen bee (shapeshifter)
  5639 | Sewer    | XOM: enchant monster (bad)
  5644 | Sewer    | XOM: summons 1 hostile demon
  5650 | Sewer    | XOM: confuse monster(s)
  5678 | Sewer    | Killed a queen bee
  5956 | D:6      | Bought a scroll of enchant weapon for 82 gold pieces
  5956 | D:6      | Bought a scroll of silence for 104 gold pieces
  6126 | D:6      | XOM: enchant monster (bad)
  6357 | D:7      | Found a staircase to the Ecumenical Temple.
  6382 | D:7      | Identified the +10 shortbow "Oschifoaf" {flame, rElec rC+
                  | Dex+3 SInv}
  6534 | D:7      | Noticed Joseph
  6543 | D:7      | Lost mutation: You are covered in fur. (AC +1) [potion of
                  | mutation]
  6543 | D:7      | Gained mutation: You are agile. (Dex +4, Str/Int -1)
                  | [potion of mutation]
  6543 | D:7      | Gained mutation: You passively map a small area around you.
                  | [potion of mutation]
  6543 | D:7      | Gained mutation: You are robust. (+10% HP) [potion of
                  | mutation]
  6543 | D:7      | Gained mutation: You are somewhat resistant to further
                  | mutation. [potion of mutation]
  6547 | D:7      | Killed Joseph
  6698 | D:7      | XOM: give mutations
  6698 | D:7      | Gained mutation: You are partially covered in large bone
                  | plates. (SH +4) [Xom's mischief]
  6698 | D:7      | Gained mutation: You occasionally lose the ability to read
                  | scrolls when taking damage. [Xom's mischief]
  6698 | D:7      | Gained mutation: You are partially covered in iridescent
                  | scales. (AC +2) [Xom's mischief]
  6793 | D:7      | XOM: noise
  7171 | D:7      | XOM: give mutations
  7171 | D:7      | Lost mutation: You are somewhat resistant to further
                  | mutation. [Xom's mischief]
  7171 | D:7      | Gained mutation: You expend magic power (3 MP) to
                  | strengthen your wands. [Xom's mischief]
  7171 | D:7      | Lost mutation: You are partially covered in large bone
                  | plates. (SH +4) [Xom's mischief]
  7171 | D:7      | Lost mutation: You are robust. (+10% HP) [Xom's mischief]
  7370 | D:8      | XOM: 2-stop teleportation journey
  7381 | D:8      | Reached skill level 1 in Axes
  7381 | D:8      | Reached XP level 10. HP: 48/73 MP: 10/10
  7434 | D:8      | Found a flagged portal.
  7443 | D:8      | Reached skill level 2 in Axes
  7467 | Bailey   | Entered a bailey
  7505 | Bailey   | Noticed an orc warlord
  7592 | Bailey   | Reached skill level 3 in Axes
  7648 | Bailey   | Found a runed translucent gate.
  7649 | Bailey   | Found a runed translucent gate.
  7650 | Bailey   | Found a runed translucent gate.
  7687 | Bailey   | XOM: noise
  7820 | Bailey   | an orc warlord changed into an azure jelly
  7820 | Bailey   | Noticed an azure jelly
  7820 | Bailey   | XOM: polymorph orc warlord -> azure jelly
  7956 | Bailey   | XOM: torment (38/74 hp)
  8133 | Bailey   | Identified the +2 great sword "Woicasop" {venom, Drain rN++
                  | rCorr Stlth+}
  8152 | D:8      | Acquired a +1 hat of intelligence
  8262 | D:8      | XOM: stat loss: -1 Int (26/27)
  8315 | D:8      | Reached skill level 4 in Axes
  8323 | D:8      | Found a staircase to the Lair.
  8326 | D:8      | XOM: smoke on damage
  8328 | D:8      | XOM: polymorph warg -> hog
  8669 | D:8      | XOM: confusion
  8848 | D:8      | Learned a level 2 spell: Passwall
  8856 | D:9      | Reached skill level 5 in Axes
  8908 | D:9      | Found a glowing golden altar of the Shining One.
  9116 | D:9      | Noticed a two-headed ogre
  9121 | D:9      | XOM: 3-stop teleportation journey
  9122 | D:9      | Found a runed translucent door.
  9123 | D:9      | Noticed a tengu warrior
  9123 | D:9      | Noticed a two-headed ogre
  9230 | D:9      | Killed a two-headed ogre
  9231 | D:9      | Reached skill level 6 in Axes
  9231 | D:9      | Reached skill level 5 in Shields
  9379 | D:9      | XOM: silly message
  9420 | D:9      | Found a sacrificial altar of Ru.
  9465 | D:9      | Found a sparkling altar of Nemelex Xobeh.
  9531 | D:9      | Found an opulent altar of Gozag.
  9532 | D:9      | Found a glowing silver altar of Zin.
  9567 | D:9      | XOM: silly message
  9713 | D:10     | Entered Level 10 of the Dungeon
  9713 | D:10     | XOM: divination: detect creatures
  9722 | D:10     | Found an ornate altar of the Wu Jian Council.
  9762 | D:10     | Reached skill level 7 in Axes
  9892 | D:10     | Reached XP level 11. HP: 80/80 MP: 11/11
 10217 | D:10     | XOM: divination: detect items
 10351 | D:10     | XOM: silly message
 10380 | D:10     | XOM: god gift: 10 gold pieces
 10385 | D:10     | Noticed a sixfirhy
 10389 | D:10     | Found a runed translucent door.
 10397 | D:10     | Reached skill level 8 in Axes
 10490 | D:10     | XOM: god gift: 33 gold pieces
 10500 | D:10     | XOM: summons 3 hostile shadow creatures
 10564 | D:10     | Found a large runed translucent door.
 10564 | D:10     | Found a large runed translucent door.
 10568 | D:10     | Noticed Mandevil's ghost (journeyman TrEE)
 10656 | D:10     | XOM: cloud trail
 10689 | D:11     | XOM: god gift: grey potion {god gift}
 10849 | D:11     | Noticed a cyclops
 10855 | D:11     | Killed a cyclops
 10902 | D:11     | Noticed a boulder beetle
 10905 | D:11     | Noticed a boulder beetle
 10906 | D:11     | XOM: silly message
 10922 | D:11     | Killed a boulder beetle
 10923 | D:11     | Reached skill level 9 in Axes
 10927 | D:11     | Killed a boulder beetle
 11037 | D:11     | Found a staircase to the Orcish Mines.
 11062 | D:11     | XOM: divination: detect items
 11136 | D:11     | Identified the ring of Hard Scrabble {Fire Str+5 Int-2}
 11288 | D:11     | Identified the +6 chain mail of Ceys Tameiv {rN+++ Str-2}
 11315 | D:11     | Noticed a manticore
 11327 | D:11     | Killed a manticore
 11664 | D:12     | Noticed a cyclops
 11664 | D:12     | Noticed a purple ugly thing
 11664 | D:12     | XOM: 1-stop teleportation journey
 11671 | D:12     | XOM: enchant monster (good)
 11683 | D:12     | Killed a purple ugly thing
 11684 | D:12     | Reached skill level 10 in Axes
 11739 | D:12     | Killed a cyclops
 11749 | D:12     | Noticed Urug
 11749 | D:12     | XOM: divination: detect items
 11754 | D:12     | Urug changed into Urug the glowing shapeshifter
 11754 | D:12     | Noticed Urug
 11754 | D:12     | XOM: polymorph Urug -> Urug the glowing shapeshifter
 11755 | D:12     | Urug the glowing shapeshifter changed into Urug the cyclops
 11755 | D:12     | Noticed Urug (glowing shapeshifter)
 11756 | D:12     | Urug the cyclops changed into Urug the jumping spider
 11756 | D:12     | Noticed Urug (glowing shapeshifter)
 11757 | D:12     | Urug the jumping spider changed into Urug the death drake
 11757 | D:12     | Noticed Urug (glowing shapeshifter)
 11763 | D:12     | HP: 2/120 [poisoned by Urug (dark miasma)]
 11763 | D:12     | XOM: summons 8 friendly demons
 11763 | D:12     | Killed from afar by Urug the death drake (glowing
                  | shapeshifter)

Illustrated notes

Levels and vault maps discovered:
D:1:      dpeg_arrival_rooms_a, layout_basic, nicolae_kite_square_tiling_tiny,
          roderic_roman_lattice
D:2:      layout_loops_ring, serial_glass, glass_columns_b, glass_columns_a,
          uniq_natasha
D:3:      layout_loops_cross, mainiacjoe_overflow_alcove_4
D:4:      dreamdust_elfheim, layout_basic, mainiacjoe_overflow_alcove_2,
          st_stairs_6
D:5:      layout_gridville, cheibriados_altar_2
D:6:      layout_cave_pools, elyvilon_altar_5, nicolae_overflow_crystal_walls,
          nicolae_qazlal_style_of_elements, serial_shops, shop,
          portal_sewer_entry_f, minmay_misc_feat_chi
D:7:      layout_loops_corners, minmay_temple_entry_statues_fountains,
          uniq_joseph
D:8:      layout_loops_cross, erik_lair_orcish_takeover, enter_bailey_2,
          kennysheep_generic_room_11
D:9:      layout_gridville, grunt_temple_overflow_gold_and_silver,
          nicolae_ru_the_path_less_chosen, nemelex_diamond_rough_becter,
          mainiacjoe_overflow_boulevard, hangedman_abyss_or_decor_lesser_grid,
          minmay_st_funbox, minmay_door_square, kb_lookout_dungeons_type,
          hangedman_abyss_or_decor_stagger
D:10:     cheibrodos_shockbox, layout_long_grid, nicolae_wu_jian_wuxing_cycle,
          ebering_ghost_disaster_area, st_stairs_9, hangedman_decor_opposing,
          chequers_decorated_corner, wad_floor_pattern_2
D:11:     layout_stronghold, minmay_orc_entry_temple_small, serial_column_ruins,
          column_ruins_columns_T, column_ruins_open_large, column_ruins_grid_3,
          column_ruins_open_small_water, column_ruins_corridor_straight
D:12:     layout_basic, uniq_urug

Skill      XL: |  1  2  3  4  5  6  7  8  9 10 11 |
---------------+----------------------------------+-----
Fighting       | 4 5 6 7 8 9 |  9.1
Dodging        | 3 4 5 |  5.3
Evocations     | 1 3 |  3.2
Polearms       | 6 8 |  8.9
Shields        | 3 6 8 |  8.0
Axes           | 1 7 10 | 10.4

Action                     |  1- 3 |  4- 6 |  7- 9 | 10-12 || total
---------------------------+-------+-------+-------+-------++-------
  Melee: Spear             |    11 |       |   157 |   258 ||   426
         Constrict         |     9 |    31 |    41 |    35 ||   116
         Tentacles         |     7 |    31 |    53 |    50 ||   141
         Dagger            |    37 |   125 |    98 |       ||   260
         Punch             |     1 |     4 |     2 |     3 ||    10
  Throw: Dart              |       |       |       |     1 ||     1
  Evoke: Wand              |       |     3 |    16 |     7 ||    26
    Use: Potion            |       |       |    10 |     3 ||    13
         Scroll            |       |       |    11 |    15 ||    26
   Stab: Sleeping          |     8 |     3 |     9 |     4 ||    24
         Distracted        |     1 |       |       |     2 ||     3
         Invisible         |       |       |     1 |       ||     1
         Paralysed         |       |       |       |     3 ||     3
 Armour: Skin              |     5 |    24 |    33 |    30 ||    92
  Dodge: Dodged            |    22 |    69 |   141 |    91 ||   323
  Block: Buckler           |       |       |    18 |       ||    18
         Kite shield       |       |       |     8 |    91 ||    99

Table legend: (Time is in decaauts)
 A = Elapsed time spent in this place.
 B = Non-inter-level travel time spent in this place.
 C = Inter-level travel time spent in this place.
 D = Time resting spent in this place.
 E = Time spent auto-exploring this place.
 F = Levels seen in this place.
 G = Mean time per level.
                   A        B        C        D        E       F      G
               +--------+--------+--------+--------+--------+-----+--------+
         Total |  12131 |  11847 |    284 |   1210 |   8030 |  14 |  866.5 |
       Dungeon |  10559 |  10275 |    284 |    872 |   7427 |  12 |  879.9 |
         Sewer |    874 |    874 |      0 |     58 |    454 |   1 |  874.0 |
        Bailey |    697 |    697 |      0 |    279 |    149 |   1 |  697.0 |
               +--------+--------+--------+--------+--------+-----+--------+

Top non-repeatable levels by time:
     D:4: 1288 daAuts
     D:2: 1100 daAuts
     D:5: 1051 daAuts
     D:7: 1036 daAuts
    D:11: 1017 daAuts
    D:10: 1008 daAuts
     D:9: 912 daAuts
     D:8: 888 daAuts
   Sewer: 874 daAuts
     D:3: 753 daAuts
     D:1: 741 daAuts
  Bailey: 697 daAuts
     D:6: 619 daAuts
    D:12: 142 daAuts
